 Dungeon Crawl Stone Soup version v3.01-hellcrawl-74-g7a863a7 (webtiles) character file.

88776 FastMan the Slayer (level 18, -17/282 HPs)
             Began as a Minotaur Fighter on May 7, 2017.
             Was the Champion of Ru.
             Demolished by an azure jelly (21 damage)
             ... on level 4 of the Pits of Slime.
             The game lasted 00:50:31 (30514 turns).

FastMan the Slayer (Minotaur Fighter)              Turns: 30514, Time: 00:50:31

Health: -17/282    AC: 18 (39%)Str: 31  XL:     18   Next: 29%
Magic:  17/17      EV: 14    Int:  5    God:    Ru [******]
Gold:   1049       SH: 20    Dex: 13    Spells: 17/17 levels left

rFire    + . .     SeeInvis .   a - +3 broad axe
rCold    + . .     Faith    .   h - +2 shield of Resistance {rF+ rC+ MR+}
rNeg     . . .     Spirit   .   f - +4 plate armour
rPois    .         Reflect  +   (helmet restricted)
rElec    .                      E - +2 cloak {MR+}
rCorr    +                      t - +2 pair of gloves
MR       +++..                  e - +0 pair of boots
Stlth    ..........             D - +3 amulet of reflection
Regen    0.6/turn               v - +6 ring of evasion
MPRegen  0.3/turn               r - ring of resist corrosion

@: berserking (expiring), corroded, slowed
A: retaliatory headbutt, horns 2, no stealth, inability to use devices, hated by
all, inability to train dodging, no air magic, no summoning magic, no
transmutations magic, disrupted magic 1
}: 1/15 runes: decaying
a: Draw Out Power, Power Leap, Apocalypse, Renounce Religion


You were on level 4 of the Pits of Slime.
You worshipped Ru.
Ru was exalted by your worship.
You were not hungry.

You visited 5 branches of the dungeon, and saw 27 of its levels.
You visited the Abyss 1 time.
You visited 1 bazaar.

You collected 2609 gold pieces.
You spent 1560 gold pieces at shops.

Inventory:

Hand Weapons
 a - a +3 broad axe (weapon)
 b - a +4 antimagic broad axe
 p - a +0 broad axe of venom
 w - a +3 dire flail
Missiles
 g - 85 exploding tomahawks (quivered)
 C - 7 curare darts
Armour
 e - a +0 pair of boots (worn)
 f - a +4 plate armour (worn)
 h - the +2 shield of Resistance (worn) {rF+ rC+ MR+}
   (You found it on level 10 of the Dungeon)

   It protects you from fire.
   It protects you from cold.
   It affects your resistance to hostile enchantments.
 t - a +2 pair of gloves (worn)
 E - a +2 cloak of magic resistance (worn)
Jewellery
 m - an uncursed ring of protection from magic
 o - an uncursed ring of poison resistance
 r - a ring of resist corrosion (right hand)
 s - a +3 ring of slaying
 v - a +6 ring of evasion (left hand)
 D - a +3 amulet of reflection (around neck)
Scrolls
 i - a scroll of fog
 j - 4 scrolls of teleportation {@r3}
 k - 6 scrolls of blinking {@r4}
 l - 2 scrolls of magic mapping
 q - 3 scrolls of enchant armour
 y - 3 scrolls of fear
Potions
 c - 2 potions of flight
 d - 6 potions of curing {@q1}
 x - a potion of brilliance {@q6}
 z - a potion of ambrosia
 A - a potion of haste {@q3}
 B - a potion of heal wounds {@q2}
 F - a potion of resistance


   Skills:
 * Level 23.1 Fighting
 - Level 20.0 Axes
 + Level 15.7 Armour
 - Level 16.3 Shields


You had 17 spell levels left.
You didn't know any spells.

Dungeon Overview and Level Annotations

Branches:
Dungeon (15/15) Swamp (3/3) Orc:2 Slime (4/4) Orc:2 Vaults:3 Orc (2/2) D:15 Vaults (3/3) D:15 Swamp:3 Depths (0/3) D:15 Slime:4 Vaults:3 Snake: Orc:2 Spider: Orc:2

Altars:
Cheibriados
Dithmenos
Elyvilon
Gozag
Hepliaklqana
Kikubaaqudgha
Makhleb
Nemelex Xobeh
Okawaru
Qazlal
Ru
Sif Muna
Trog
Uskayaw
Vehumet
Xom
Yredelemnul
Zin
The Shining One
Jiyva

Shops:
Orc:1 ((?=(   Orc:2 (:[(}*=   Vaults:1 ?

Annotations:
D:10 1 runed door
D:12 1 runed door


Innate Abilities, Weirdness & Mutations

You reflexively headbutt those who attack you in melee.
You have a pair of horns on your head.
You cannot be stealthy.
You cannot study or use magical devices.
You are hated by all.
You cannot train Dodging skill.
You cannot study or cast Air magic.
You cannot study or cast Summoning magic.
You cannot study or cast Transmutations magic.
Your casting is slightly disrupted.


Message History

You hit the death ooze but do no damage.
You slice the acid blob (18)!!
Your hands burn!
* * * LOW HITPOINT WARNING * * *
You headbutt the acid blob (2).
The acid blob is moderately wounded.
You slice the acid blob (24)!!
Your hands burn!
* * * LOW HITPOINT WARNING * * *
You closely miss the azure jelly.
Your plate armour prevents you from hitting the death ooze.
You slice the azure jelly (25)!!
You redirect the acid blob's attack!
The acid blob hits you (9)!
* * * LOW HITPOINT WARNING * * *
You are splashed with acid!
The acid burns (5)!
You resist.
* * * LOW HITPOINT WARNING * * *
You block the death ooze's attack. x2; You block the azure jelly's attack.
The azure jelly hits you (6).
* * * LOW HITPOINT WARNING * * *
The azure jelly freezes you (21)!! You resist.
You die...

,,,,,,,,,,,,,,,,,*****,****,,,,,,
,,,,,,,,,,,,,,,,*#$#*,.**,**,,,,,
,,,,,,.......,,##[!?*.##,,,**,,,,
,,,,,.........*#())##..##,,,**,,,
,,,,,........#*():}/....$,,,,**,,
,,,,,........#*,$}?......,,,,**,,
,,,,.........#**!(.:....[*,,***,,
,,,,.........####JJ......******,,
,,,..........#JJ@JJ......,*,,,*,,
,,.............#JJ....>..,,,*,,,,
,............####J.......******,,
.............#**)$.|....}*,,***,,
.............#*/$)[......,,,,**,,
.............##[)):)....[,,,,**,,
..............##$}$##..##,,,**,,,
...............##$)$*.##,,,**,,,,
................##(#*,.#*,**,,,,,


You could see 4 acid blobs, 3 azure jellies and 2 death oozes.

Vanquished Creatures
  the Royal Jelly (Slime:4)
  Dissolution (Slime:2)
  the Lernaean hydra (Swamp:3)
  Margery (Vaults:1)
  Jorgrun (Swamp:3)
  7 acid blobs
  A tentacled monstrosity (Swamp:1)
  Frances (Swamp:2)
  Agnes (D:15)
  3 thorn hunters (Swamp:3)
  A tengu reaver (Vaults:2)
  2 fire giants (Vaults:2)
  An azure jelly (Slime:2)
  Aizul (Swamp:1)
  A deep elf sorcerer (Vaults:1)
  6 vault wardens
  An orc warlord (Orc:2)
  9 ironheart preservers
  3 stone giants (Vaults:2)
  3 deep elf demonologists
  Nessos (D:15)
  An ettin (D:15)
  3 yaktaur captains
  4 death oozes (Slime:4)
  3 fire dragons
  2 great orbs of eyes
  3 rakshasas
  14 vault guards
  12 hydras
  4 ice dragons
  2 ghost crabs (Swamp:3)
  7 alligators
  3 death knights
  15 two-headed ogres
  An alligator (shapeshifter) (Vaults:1)
  3 centaur warriors
  2 deep troll shamans (Vaults:1)
  4 death yaks (D:13)
  3 ogre magi
  A tengu warrior (D:14)
  A deep troll earth mage (Vaults:1)
  2 thrashing horrors (Abyss:4)
  Urug (D:11)
  5 orc high priests
  2 deep elf knights
  A shadow wraith (Vaults:1)
  5 hell knights (Vaults:1)
  A spatial maelstrom (Abyss:4)
  2 skeletal warriors
  3 unseen horrors
  6 deep trolls
  2 shambling mangroves
  2 deep elf archers
  A large abomination (Abyss:4)
  Pikel (D:4)
  13 swamp dragons
  5 ironbrand convokers
  2 phantasmal warriors (D:14)
  A harpy (shapeshifter) (Vaults:2)
  4 orc sorcerers
  3 deep elf magi
  7 orc knights
  4 cyclopes
  6 hornets
  12 ugly things
  A wolf spider (D:15)
  A manticore (D:12)
  2 shining eyes (Slime:2)
  A worldbinder (Abyss:4)
  2 eyes of devastation
  5 vault sentinels
  An orb spider (shapeshifter) (Vaults:1)
  2 gargoyles
  4 spiny frogs
  A smoke demon (Abyss:4)
  A redback zombie (D:15)
  2 freezing wraiths (D:14)
  9 yaktaurs
  An ancient zyme (Abyss:4)
  3 meliai (D:15)
  A tengu conjurer (D:14)
  Grinder (D:4)
  3 tyrant leeches
  5 trolls
  A polar bear (shapeshifter) (Vaults:2)
  4 raiju (Abyss:4)
  47 slime creatures
  A meliai zombie (D:13)
  2 small abominations (Abyss:4)
  6 spriggans
  20 yaks
  A vampire (D:14)
  8 wyverns
  2 ynoxinuls (Abyss:4)
  2 black mamba skeletons
  4 wraiths
  4 golden eyes (Slime:2)
  2 steam dragons
  2 wargs (D:15)
  6 vampire mosquitoes (Swamp:3)
  A neqoxec (Abyss:4)
  6 swamp worms
  An acid dragon (D:14)
  An angry ghost (D:9)
  2 soldier ants (D:12)
  A spiny frog zombie (D:8)
  Edmund (D:4)
  2 water moccasins
  11 swamp drakes
  5 ice beasts
  A spiny frog skeleton (D:9)
  25 orc warriors
  A black bear (D:10)
  12 wasps
  16 ogres
  An eye of draining (Slime:4)
  An ogre (shapeshifter) (D:14)
  3 boggarts (Vaults:1)
  7 centaurs
  A blink frog skeleton (D:11)
  3 crocodiles (Orc:2)
  Blork the orc (D:4)
  4 scorpions
  A water moccasin skeleton (D:8)
  A wyvern skeleton (D:14)
  26 killer bees
  A crimson imp (D:7)
  15 wights
  6 howler monkeys
  An electric eel (D:14)
  2 bullfrog skeletons
  2 quasits
  6 centaur skeletons
  7 centaur zombies
  4 hounds
  Crazy Yiuf (D:4)
  16 orc priests
  8 jellies
  7 worker ants
  Natasha (thrice) (D:3)
  25 orc wizards
  4 iguanas
  3 gnolls (D:2)
  A howler monkey skeleton (D:5)
  5 adders
  3 shadow imps (D:5)
  3 oozes
  73 orcs
  5 quokkas
  13 bats
  11 giant cockroaches
  8 goblins
  5 hobgoblins
  18 jackals
  A ball python (D:3)
  5 frilled lizards
  2 kobolds (D:1)
  A quokka skeleton (D:5)
  7 rats
  A spectral orc (D:3)
  10 briar patches (Swamp:3)
  A butterfly (D:12)
  5 fungi
  A plant (D:14)
809 creatures vanquished.

Vanquished Creatures (others)
  2 vault guards
  An ice dragon (Vaults:1)
  A shadow wraith (Vaults:2)
  A skeletal warrior (D:14)
  A deep elf archer (Vaults:2)
  2 ugly things
  2 cyclopes (Orc:2)
  4 yaktaurs
  A tyrant leech (Swamp:3)
  A slime creature (Slime:1)
  A swamp worm (Swamp:1)
  A swamp worm (shapeshifter) (D:14)
  A scorpion (D:9)
  A killer bee (D:8)
  A centaur zombie (D:5)
  A hound (D:4)
  2 orcs
  A jackal skeleton (D:4)
  2 briar patches (Swamp:3)
  4 fungi
31 creatures vanquished.

Grand Total: 840 creatures vanquished

Notes
Turn   | Place    | Note
-------+----------+-------------------------------------------
     0 | D:1      | FastMan the Minotaur Fighter began the quest for the Orb.
     0 | D:1      | Reached XP level 1. HP: 19/19 MP: 0/0
   130 | D:1      | Reached XP level 2. HP: 27/27 MP: 1/1
   576 | D:1      | Reached XP level 3. HP: 33/33 MP: 2/2
   921 | D:2      | Found a deep blue altar of Sif Muna.
  1166 | D:2      | Found a shimmering altar of Xom.
  1167 | D:2      | Found a shimmering altar of Xom.
  1170 | D:2      | Found a shimmering altar of Xom.
  1170 | D:2      | Found a faded altar of an unknown god.
  1170 | D:2      | Found a shimmering altar of Xom.
  1171 | D:2      | Found a shimmering altar of Xom.
  1171 | D:2      | Found a sacrificial altar of Ru.
  1172 | D:2      | Found a viscous altar of Jiyva.
  1173 | D:2      | Found a shimmering altar of Xom.
  1266 | D:2      | Became a worshipper of Ru the Awakened
  1339 | D:2      | Reached XP level 4. HP: 35/40 MP: 3/3
  1531 | D:2      | Reached skill level 4 in Fighting
  1752 | D:3      | Noticed Natasha
  1764 | D:3      | Killed Natasha
  1764 | D:3      | Reached skill level 5 in Axes
  1875 | D:3      | Noticed Natasha
  1888 | D:3      | Killed Natasha
  1888 | D:3      | Reached XP level 5. HP: 42/47 MP: 4/4
  2146 | D:3      | Found an ancient bone altar of Kikubaaqudgha.
  2183 | D:3      | Found a basalt altar of Yredelemnul.
  2221 | D:3      | Noticed Natasha
  2224 | D:3      | Killed Natasha
  2279 | D:4      | Found an opulent altar of Gozag.
  2324 | D:4      | Found a shimmering altar of Xom.
  2339 | D:4      | Noticed Edmund
  2341 | D:4      | Noticed Grinder
  2353 | D:4      | Killed Edmund
  2353 | D:4      | Reached skill level 5 in Shields
  2353 | D:4      | Reached XP level 6. HP: 55/55 MP: 5/5
  2359 | D:4      | Gained mutation: You cannot study or cast Air magic. [Ru sacrifice]
  2359 | D:4      | Gained mutation: You cannot study or cast Transmutations magic. [Ru sacrifice]
  2359 | D:4      | Gained mutation: You cannot study or cast Summoning magic. [Ru sacrifice]
  2359 | D:4      | Reached * piety under Ru
  2360 | D:4      | Paralysed by Grinder for 7 turns
  2372 | D:4      | Killed Grinder
  2372 | D:4      | Reached skill level 5 in Fighting
  2372 | D:4      | Reached XP level 7. HP: 34/61 MP: 6/6
  2583 | D:4      | Found a hide-covered altar of Uskayaw.
  2601 | D:4      | Found a stormy altar of Qazlal.
  2603 | D:4      | Noticed Blork the orc
  2627 | D:4      | Killed Blork the orc
  3042 | D:4      | Found a burning altar of Makhleb.
  3080 | D:4      | Noticed Pikel
  3089 | D:4      | Killed Pikel
  3089 | D:4      | Reached skill level 7 in Fighting
  3089 | D:4      | Reached XP level 8. HP: 71/73 MP: 7/7
  3340 | D:4      | Found a runed door.
  3366 | D:4      | Found a sparkling altar of Nemelex Xobeh.
  3564 | D:4      | Noticed Crazy Yiuf
  3566 | D:4      | Killed Crazy Yiuf
  3599 | D:5      | Entered Level 5 of the Dungeon
  3684 | D:5      | Found a radiant altar of Vehumet.
  3725 | D:5      | Found a sacrificial altar of Ru.
  3745 | D:5      | Reached skill level 10 in Axes
  3890 | D:5      | Reached skill level 8 in Fighting
  4310 | D:5      | Found a shadowy altar of Dithmenos.
  4446 | D:5      | Found a hazy altar of Hepliaklqana.
  4583 | D:6      | Reached XP level 9. HP: 82/82 MP: 8/8
  4587 | D:6      | Found a bloodstained altar of Trog.
  4689 | D:6      | Gained mutation: You cannot be stealthy. [Ru sacrifice]
  4852 | D:6      | Found a glowing golden altar of the Shining One.
  5330 | D:7      | Found a white marble altar of Elyvilon.
  5368 | D:7      | Reached skill level 9 in Fighting
  5961 | D:7      | Found an iron altar of Okawaru.
  6091 | D:7      | Found a glowing silver altar of Zin.
  6283 | D:7      | Found a snail-covered altar of Cheibriados.
  6536 | D:8      | Noticed a two-headed ogre
  6554 | D:8      | Killed a two-headed ogre
  6554 | D:8      | Reached skill level 10 in Fighting
  6554 | D:8      | Reached XP level 10. HP: 40/93 MP: 9/9
  7601 | D:8      | Noticed a two-headed ogre
  7613 | D:8      | Killed a two-headed ogre
  7613 | D:8      | Reached skill level 11 in Fighting
  7805 | D:8      | Gained mutation: You cannot train Dodging skill. [Ru sacrifice]
  7805 | D:8      | Reached ** piety under Ru
  7805 | D:8      | Reached *** piety under Ru
  7844 | D:8      | Reached skill level 15 in Axes
  8387 | D:9      | Reached XP level 11. HP: 82/102 MP: 10/10
  8531 | D:9      | Reached skill level 5 in Armour
  8770 | D:9      | Noticed a two-headed ogre
  8777 | D:9      | Killed a two-headed ogre
  9089 | D:9      | Reached skill level 12 in Fighting
  9415 | D:10     | Entered Level 10 of the Dungeon
  9439 | D:10     | Gained mutation: You cannot study or use magical devices. [Ru sacrifice]
  9439 | D:10     | Reached **** piety under Ru
  9439 | D:10     | Reached ***** piety under Ru
  9534 | D:10     | Noticed an ice dragon
  9535 | D:10     | Noticed a fire dragon
  9537 | D:10     | Noticed an ice dragon
  9537 | D:10     | Found a runed door.
  9537 | D:10     | Found a runed door.
  9537 | D:10     | Noticed a fire dragon
  9887 | D:10     | Killed an ice dragon
  9891 | D:10     | Killed an ice dragon
  9894 | D:10     | HP: 5/104 [fire dragon/blast of flame (43)]
  9897 | D:10     | Killed a fire dragon
  9909 | D:10     | Killed a fire dragon
 10426 | D:11     | Noticed a purple ugly thing
 10434 | D:11     | Killed a purple ugly thing
 10722 | D:11     | Noticed a red ugly thing
 10724 | D:11     | Noticed a two-headed ogre
 10728 | D:11     | Killed a red ugly thing
 10728 | D:11     | Reached XP level 12. HP: 98/113 MP: 11/11
 10736 | D:11     | Killed a two-headed ogre
 11132 | D:11     | Noticed Urug
 11138 | D:11     | Killed Urug
 11301 | D:12     | Found a runed door.
 11308 | D:12     | Reached skill level 13 in Fighting
 11527 | D:12     | Found a runed door.
 11899 | D:12     | Noticed an orc high priest
 11910 | D:12     | Killed an orc high priest
 12053 | D:12     | Noticed a two-headed ogre
 12061 | D:12     | Killed a two-headed ogre
 12322 | D:12     | Gained mutation: Your casting is slightly disrupted. [Ru sacrifice]
 12571 | D:13     | Noticed a death yak
 12573 | D:13     | Noticed a death yak
 12574 | D:13     | Noticed a death yak
 12574 | D:13     | Noticed a death yak
 12601 | D:13     | Killed a death yak
 12605 | D:13     | Killed a death yak
 12608 | D:13     | Killed a death yak
 12614 | D:13     | Killed a death yak
 13103 | D:14     | Reached XP level 13. HP: 122/123 MP: 12/12
 13215 | D:14     | Reached skill level 14 in Fighting
 13223 | D:14     | Reached skill level 10 in Shields
 14534 | D:15     | Entered Level 15 of the Dungeon
 14914 | D:15     | Reached skill level 15 in Fighting
 14928 | D:15     | Noticed an ettin
 14940 | D:15     | Killed an ettin
 14940 | D:15     | Reached XP level 14. HP: 80/135 MP: 13/13
 15144 | D:15     | Noticed Nessos
 15151 | D:15     | Killed Nessos
 15213 | D:15     | Found a bloodstained altar of Trog.
 15305 | D:15     | Found a staircase to the Depths.
 15758 | D:15     | Found a staircase to the Orcish Mines.
 15896 | D:15     | Found a gate to the Vaults.
 16363 | D:15     | Noticed Agnes
 16371 | D:15     | Killed Agnes
 16371 | D:15     | Reached skill level 16 in Fighting
 16478 | Orc:1    | Entered Level 1 of the Orcish Mines
 16548 | Orc:1    | Found Ditefis's Jewellery Emporium.
 16564 | Orc:1    | Bought a +6 ring of evasion for 1092 gold pieces
 16591 | Orc:1    | Found Teuta's Antique Weapon Shoppe.
 16671 | Orc:1    | Found Susuj's Antique Weapon Emporium.
 16679 | Orc:1    | Found Oteafipn's Magic Scroll Shoppe.
 16692 | Orc:1    | Found Zuylajibeh's Antique Weapon Shoppe.
 16948 | Orc:1    | Bought a scroll of enchant weapon for 97 gold pieces
 16948 | Orc:1    | Bought 2 scrolls of teleportation for 78 gold pieces
 16948 | Orc:1    | Bought a scroll of blinking for 97 gold pieces
 16948 | Orc:1    | Bought a scroll of teleportation for 39 gold pieces
 16948 | Orc:1    | Bought a scroll of blinking for 97 gold pieces
 16960 | Orc:2    | Entered Level 2 of the Orcish Mines
 16960 | Orc:2    | Found a staircase to the Swamp.
 16988 | Orc:2    | Found Nomneebb's Book Shop.
 17046 | Orc:2    | Found a staircase to the Slime Pits.
 17266 | Orc:2    | Noticed an orc warlord
 17287 | Orc:2    | Killed an orc warlord
 17289 | Orc:2    | Found Johoggybia's Armour Boutique.
 17378 | Orc:2    | Found Baopsos's Weapon Boutique.
 17506 | Orc:2    | Found Yhin Nurgh's Jewellery Shop.
 17506 | Orc:2    | Found Kaphidin's Antique Weapon Emporium.
 17516 | Orc:2    | Found Ficu's General Store.
 17516 | Orc:2    | Found Kipsallu's Gadget Emporium.
 17889 | Swamp:1  | Entered Level 1 of the Swamp
 17889 | Swamp:1  | Noticed Aizul
 17889 | Swamp:1  | Noticed a tentacled monstrosity
 17910 | Swamp:1  | Killed a tentacled monstrosity
 17939 | Swamp:1  | Killed Aizul
 17939 | Swamp:1  | Reached XP level 15. HP: 21/145 MP: 4/14
 18413 | Swamp:1  | Reached skill level 10 in Armour
 19562 | Swamp:1  | Reached skill level 17 in Fighting
 20783 | Swamp:2  | Noticed Frances
 20997 | Swamp:2  | Killed Frances
 21610 | Swamp:3  | Entered Level 3 of the Swamp
 21642 | Swamp:3  | Noticed Jorgrun
 21655 | Swamp:3  | Killed Jorgrun
 21655 | Swamp:3  | Reached skill level 15 in Shields
 21728 | Swamp:3  | Noticed a thorn hunter
 21739 | Swamp:3  | Killed a thorn hunter
 22035 | Swamp:3  | Noticed a thorn hunter
 22050 | Swamp:3  | Killed a thorn hunter
 22202 | Swamp:3  | Noticed a thorn hunter
 22215 | Swamp:3  | Killed a thorn hunter
 22427 | Swamp:3  | Reached skill level 18 in Fighting
 22880 | Swamp:3  | Noticed the 27-headed Lernaean hydra
 22935 | Swamp:3  | Killed the 27-headed Lernaean hydra
 22940 | Swamp:3  | Reached XP level 16. HP: 64/158 MP: 3/15
 23631 | Swamp:3  | Found a gate to the Vaults.
 23635 | Swamp:3  | Got a decaying rune of Zot
 23908 | Vaults:1 | Entered Level 1 of the Vaults
 24559 | Vaults:1 | Reached skill level 19 in Fighting
 24963 | Vaults:1 | Noticed Margery
 25004 | Vaults:1 | Found Mionisocs's Magic Scroll Shoppe.
 25282 | Vaults:1 | Reached skill level 20 in Fighting
 25996 | Vaults:1 | Cast into level 4 of the Abyss (Margery)
 26062 | Abyss:4  | Lost intelligence.
 26080 | Abyss:4  | Gained mutation: You are hated by all. [Ru sacrifice]
 26080 | Abyss:4  | Reached ****** piety under Ru
 26114 | Abyss:4  | Lost intelligence.
 26166 | Vaults:1 | Escaped the Abyss
 26174 | Vaults:1 | Killed Margery
 26174 | Vaults:1 | Reached XP level 17. HP: 89/171 MP: 7/16
 26608 | Vaults:2 | Found a flickering gateway to a bazaar.
 26628 | Bazaar   | Entered a bazaar
 26628 | Bazaar   | Found Puoc's Antique Armour Shop.
 26628 | Bazaar   | Found Omoim's General Store.
 26675 | Bazaar   | Found Byutuzat's Antique Weapon Shop.
 26714 | Bazaar   | Bought a potion of curing for 30 gold pieces
 26714 | Bazaar   | Bought a potion of curing for 30 gold pieces
 26821 | Vaults:2 | Noticed a Shadow Fiend
 27440 | Vaults:2 | Reached skill level 21 in Fighting
 29000 | Vaults:3 | Entered Level 3 of the Vaults
 29000 | Vaults:3 | Found a staircase to the Slime Pits.
 29000 | Vaults:3 | Found a staircase to the Depths.
 29003 | Slime:1  | Entered Level 1 of the Pits of Slime
 29003 | Slime:1  | Noticed an acid blob
 29010 | Slime:1  | Killed an acid blob
 29159 | Slime:1  | Noticed an acid blob
 29161 | Slime:1  | Noticed an acid blob
 29174 | Slime:1  | Killed an acid blob
 29174 | Slime:1  | Reached skill level 22 in Fighting
 29175 | Slime:1  | Killed an acid blob
 29736 | Slime:2  | Noticed an acid blob
 29738 | Slime:2  | Noticed Dissolution
 29746 | Slime:2  | Noticed an acid blob
 29748 | Slime:2  | Killed Dissolution
 29748 | Slime:2  | Reached skill level 15 in Armour
 29748 | Slime:2  | Reached XP level 18. HP: 173/185 MP: 2/17
 30148 | Slime:4  | Entered Level 4 of the Pits of Slime
 30493 | Slime:4  | Found a viscous altar of Jiyva.
 30493 | Slime:4  | Found a staircase to the Depths.
 30493 | Slime:4  | Noticed the Royal Jelly
 30508 | Slime:4  | Killed the Royal Jelly
 30508 | Slime:4  | Reached skill level 23 in Fighting
 30514 | Slime:4  | HP: 10/282 [acid (5)]
 30514 | Slime:4  | HP: 4/282 [azure jelly (6)]
 30514 | Slime:4  | Demolished by an azure jelly

Skill      XL: |  1  2  3  4  5  6  7  8  9 10 11 12 13 14 15 16 17 18 |
---------------+-------------------------------------------------------+-----
Axes           | 3 4 5 6 7 9 11 13 15 17 18 19 20 | 20.0
Shields        | 4 5 6 9 11 13 15 16 | 16.3
Fighting       | 4 5 7 8 10 11 12 13 15 16 18 20 22 23 | 23.1
Armour         | 4 7 9 11 13 15 | 15.7

Action                   |  1- 3 |  4- 6 |  7- 9 | 10-12 | 13-15 | 16-18 || total
-------------------------+-------+-------+-------+-------+-------+-------++-------
Melee: War axe           |   100 |   104 |   254 |   220 |   107 |       ||   785
       Headbutt          |    12 |    23 |    66 |   111 |   234 |   233 ||   679
       Battleaxe         |       |       |    38 |   195 |       |       ||   233
       Broad axe         |       |       |       |       |   715 |   717 ||  1432
       Flail             |       |       |       |       |    51 |    12 ||    63
Throw: Tomahawk          |       |     3 |     1 |       |     1 |     4 ||     9
Invok: Sacrifice Arcana  |       |     1 |       |       |       |       ||     1
       Sacrifice Stealth |       |       |     1 |       |       |       ||     1
       Sacrifice Nimblen |       |       |       |     1 |       |       ||     1
       Apocalypse        |       |       |       |     1 |     3 |     4 ||     8
       Sacrifice Artific |       |       |       |     1 |       |       ||     1
       Sacrifice Essence |       |       |       |     1 |       |       ||     1
       Draw Out Power    |       |       |       |       |     2 |     8 ||    10
       Sacrifice Love    |       |       |       |       |       |     1 ||     1
  Use: Potion            |       |     3 |     5 |     6 |     6 |    13 ||    33
       Scroll            |       |       |       |       |     8 |    12 ||    20
 Stab: Invisible         |       |       |     1 |     7 |    10 |     7 ||    25
       Paralysed         |       |       |       |     7 |    14 |    19 ||    40
       Distracted        |       |       |       |     3 |     4 |     5 ||    12
Armor: Scale mail        |    16 |       |       |       |       |       ||    16
       Plate armour      |    57 |    78 |   145 |   216 |   249 |   253 ||   998
       Skin              |       |       |       |     5 |       |       ||     5
       Swamp dragon scal |       |       |       |       |    28 |       ||    28
Dodge: Dodged            |    15 |    19 |    49 |    71 |   183 |   146 ||   483
Block: Shield            |    64 |    51 |   183 |   135 |   537 |   507 ||  1477
       Reflection        |       |       |     4 |    11 |    32 |    28 ||    75
       Other             |       |       |     7 |    27 |       |       ||    34
